 Dungeon Crawl Stone Soup version 0.19-a0-283-g61a59a3 (webtiles) character file.

343 Delvonshi the Conjurer (level 6, -2/45 HPs)
             Began as a Draconian Venom Mage on May 27, 2016.
             Was an Initiate of Sif Muna.
             Slain by a gnoll
             ... wielding a +0 spear
              (3 damage)
             ... on level 4 of the Dungeon.
             The game lasted 00:17:12 (4442 turns).

Delvonshi the Conjurer (Draconian Venom Mage)       Turns: 4442, Time: 00:17:13

Health: -2/45      AC:  7    Str: 13    XL:     6   Next: 31%
Magic:  3/11       EV: 12    Int: 17    God:    Sif Muna [......]
Gold:   102        SH:  0    Dex: 11    Spells: 2 memorised, 7 levels left

rFire  . . .     SeeInvis .     n - +2 short sword (drain)
rCold  . . .     Gourm    .     (armour unavailable)
rNeg   . . .     Faith    .     (no shield)
rPois  .         Spirit   .     (helmet restricted)
rElec  .         Dismiss  .     t - +0 cloak
rCorr  .         Reflect  .     (no gloves)
SustAt .         Harm     .     (no boots)
MR     .....                    (no amulet)
Stlth  ++........               (no ring)
                                (no ring)

@: very slightly contaminated, not resistant to hostile enchantments, unstealthy
A: unfitting armour, talons 1, deterioration 1, strong 1, cold-blooded, AC +6
a: Renounce Religion


You were on level 4 of the Dungeon.
You worshipped Sif Muna.
Sif Muna was noncommittal.
You were hungry.

You visited 1 branch of the dungeon, and saw 4 of its levels.

You collected 102 gold pieces.

Inventory:

Hand Weapons
 l - a +0 hunting sling
 n - a +2 short sword of draining (weapon)
 u - a +3 quarterstaff of chaos
 v - a cursed -1 mace
 D - a cursed -1 whip
Missiles
 f - 4 tomahawks (quivered)
 g - 121 stones
 m - 7 poisoned needles
Armour
 t - a +0 cloak (worn)
Jewellery
 e - an uncursed amulet of guardian spirit
 y - an uncursed amulet of harm {unknown}
Wands
 s - a wand of flame (14/48)
Scrolls
 h - a scroll of random uselessness {unknown}
 i - a scroll of blinking {unknown}
 k - 7 scrolls of identify {unknown}
 q - 2 scrolls of remove curse {unknown}
 x - a scroll of amnesia {unknown}
 A - a scroll of fear {unknown}
Potions
 d - a potion of agility {unknown}
 j - a potion of mutation
 p - 2 potions of degeneration {unknown}
 r - a potion of curing {unknown}
 w - a potion of brilliance {unknown}
Books
 a - a Young Poisoner's Handbook

   Spells                             Type                      Level
   a - Sting                          Conjuration/Poison           1
   b - Cure Poison                    Poison                       2
   c - Mephitic Cloud                 Conjuration/Poison/Air       3
   d - Olgreb's Toxic Radiance        Poison                       4
   e - Venom Bolt                     Conjuration/Poison           5
Comestibles
 b - 2 bread rations
 c - 2 meat rations
 o - a slice of pizza
 z - 4 fruits
 C - a beef jerky


   Skills:
 - Level 1.7 Dodging
 - Level 1.7 Stealth
 - Level 3.3 Spellcasting
 + Level 4.2 Conjurations
 + Level 3.3 Air Magic
 - Level 4.0 Poison Magic


You had 7 spell levels left.
You knew the following spells:

 Your Spells              Type           Power        Failure   Level  Hunger
a - Sting                 Conj/Pois      ###.         3%          1    None
b - Mephitic Cloud        Conj/Pois/Air  ###.....     12%         3    ###....


Dungeon Overview and Level Annotations

Branches:
Dungeon (4/15)
 Temple: D:4-7

Altars:
Fedhas
Hepliaklqana
Kikubaaqudgha
Sif Muna


Innate Abilities, Weirdness & Mutations

Your plain brown scales are hard (AC +6).
Your body does not fit into most forms of armour.
You are cold-blooded and may be slowed by cold attacks.
You have sharp toenails.
Your body sometimes deteriorates upon taking damage.
Your muscles are strong. (Str +2)


Message History

You don't have enough magic to cast that spell.
The gnoll is engulfed in noxious fumes.
The gnoll appears confused.
You closely miss the orc priest.
The orc priest calls down the wrath of Beogh upon you.
Pain shoots through your body!
* * * LOW HITPOINT WARNING * * *
The gnoll hits you but does no damage. The orc priest hits you with a club.
* * * LOW HITPOINT WARNING * * *
You hit the orc priest but do no damage.
You drain the orc priest!
The orc priest is moderately wounded.
The gnoll barely misses you. The orc priest completely misses you.
The gnoll hits you from afar with a spear.
* * * LOW HITPOINT WARNING * * *
Drink which item? (? for menu, Esc to quit)
It was a potion of mutation.
You feel extremely strange.
You feel stronger.
You feel yourself wasting away.
Your toenails lengthen and sharpen.
The gnoll hits you from afar with a spear.
You die...

#........#.)g)..# #######
##........#)####.# #......
##..o......(..# #.# #.#####
#...o.....g#.(# #[# #.#
#.###..o......#..# #ยง# #.#
..............#..###.# #.#
#.####.########.g...)# ##.## #.#
##o##### #.#.# ##'## #@# ##.##
##...## #.# #.# ##.....##
#.##### #.#### ##.......##
##.#...# #.##.##
#.......>.####....#.######.#...#
+.........'.....................
#.........####...#.#######.#...#
##.......######.##.# #.......#
##........).#####.# #.#...#.#


You could see an orc priest and a gnoll.

Vanquished Creatures
  An ogre (D:4)
  A hound (D:4)
  Crazy Yiuf (D:2)
  A worker ant (D:4)
  Robin (D:2)
  4 adders (D:3)
  3 gnolls (D:4)
  An ooze (D:1)
  A worm (D:3)
  A dart slug (D:4)
  5 giant geckos
  9 orcs
  A ball python (D:3)
  3 bat zombies
  3 giant cockroaches (D:2)
  14 goblins
  6 hobgoblins
  2 jackals (D:1)
  6 kobolds
  9 bats
  7 rats
80 creatures vanquished.

Notes
Turn   | Place    | Note
--------------------------------------------------------------
     0 | D:1      | Delvonshi the Draconian Venom Mage began the quest for the Orb.
     0 | D:1      | Reached XP level 1. HP: 14/14 MP: 3/3
   303 | D:1      | Reached skill level 1 in Conjurations
   411 | D:1      | Reached XP level 2. HP: 16/20 MP: 5/5
  1266 | D:2      | Found a hazy altar of Hepliaklqana.
  1382 | D:2      | Noticed Robin
  1391 | D:2      | Reached XP level 3. HP: 24/26 MP: 2/7
  1407 | D:2      | Killed Robin
  1795 | D:2      | Noticed Crazy Yiuf
  1818 | D:2      | Killed Crazy Yiuf
  1818 | D:2      | Reached XP level 4. HP: 16/33 MP: 0/8
  2158 | D:2      | Learned a level 3 spell: Mephitic Cloud
  2344 | D:2      | Found an ancient bone altar of Kikubaaqudgha.
  2713 | D:3      | Reached skill level 1 in Air Magic
  3130 | D:3      | Reached XP level 5. HP: 38/38 MP: 6/10
  3256 | D:3      | Found a deep blue altar of Sif Muna.
  3357 | D:3      | Became a worshipper of Sif Muna the Loreminder
  3612 | D:4      | Noticed a phantom
  3779 | D:4      | Found a blossoming altar of Fedhas.
  3962 | D:4      | Noticed an ogre
  3977 | D:4      | Killed an ogre
  3977 | D:4      | Reached XP level 6. HP: 45/45 MP: 6/11
  4441 | D:4      | HP: 1/45 [gnoll/spear (3)]
  4442 | D:4      | Gained mutation: Your muscles are strong. (Str +2) [potion of mutation]
  4442 | D:4      | Gained mutation: Your body sometimes deteriorates upon taking damage. [potion of mutation]
  4442 | D:4      | Gained mutation: You have sharp toenails. [potion of mutation]
  4442 | D:4      | Slain by a gnoll

Vault maps used:
D:1:      saegor_arrival_fortress
D:2:      lemuel_zombie_altar_kikubaaqudgha, overflow_temple_1_default,
          uniq_crazy_yiuf_cottage, uniq_robin
D:3:      overflow_temple_1_default, hangedman_decor_peaks_small
D:4:      fedhas_altar_1, first_bread, lemuel_blue_sif_altar

Skill      XL: |  1  2  3  4  5 |
---------------+----------------+-----
Conjurations   | 1 2 3 4 |  4.2
Spellcasting   | 3 |  3.3
Air Magic      | 1 3 |  3.3
Dodging        | |  1.7
Stealth        | |  1.7
Poison Magic   | |  4.0

Action                   |  1- 3 |  4- 6 || total
-------------------------+-------+-------++-------
Melee: Unarmed           |    30 |       ||    30
       Tailslap          |     7 |     7 ||    14
       Short sword       |    16 |   119 ||   135
 Fire: Hunting sling     |     5 |       ||     5
Throw: Tomahawk          |       |     3 ||     3
 Cast: Sting             |    40 |    39 ||    79
       Mephitic Cloud    |       |    10 ||    10
  Use: Potion            |       |     1 ||     1
 Stab: Sleeping          |       |     3 ||     3
       Confused          |       |     2 ||     2
  Eat: Chunk             |     3 |     9 ||    12
Armor: Skin              |    27 |    45 ||    72
Dodge: Dodged            |    62 |    77 ||   139
